 Dungeon Crawl Stone Soup version 0.21.1-1-g345015fe64 (webtiles) character file.

29 Ivernyr the Charmwright (level 3, 0/28 HPs)
             Began as a Demonspawn Skald on Apr 25, 2018.
             Succumbed to an adder's poison
             ... on level 2 of the Dungeon.
             The game lasted 00:02:15 (830 turns).

Ivernyr the Charmwright (Demonspawn Skald)           Turns: 830, Time: 00:02:15

Health: 0/28       AC:  3    Str: 11    XL:     3   Next: 1%
Magic:  6/6        EV: 12    Int: 14    God:
Gold:   52         SH:  0    Dex: 13    Spells: 1/6 levels left

rFire    . . .     SeeInvis .   a - +0 falchion
rCold    . . .     Gourm    .   (no shield)
rNeg     . . .     Faith    .   b - +0 leather armour
rPois    .         Spirit   .   (no helmet)
rElec    .         Reflect  .   (no cloak)
rCorr    .         Harm     .   (no gloves)
MR       .....                  (no boots)
Stlth    +.........             (no amulet)
HPRegen  0.09/turn              (no ring)
MPRegen  0.10/turn              (no ring)

@: lethally poisoned (0 -> -4)
A: rot immunity
a: no special abilities


You were on level 2 of the Dungeon.
You were not hungry.

You visited 1 branch of the dungeon, and saw 2 of its levels.

You collected 52 gold pieces.

Inventory:

Hand Weapons
 a - a +0 falchion (weapon)
Armour
 b - a +0 leather armour (worn)
Scrolls
 f - 3 scrolls of identify {unknown}
 g - 2 scrolls of fog {unknown}
 h - a scroll of random uselessness {unknown}
 j - a scroll of teleportation {unknown}
 k - a scroll of remove curse {unknown}
Potions
 e - a potion of haste {unknown}
 i - a potion of might {unknown}
 l - 2 potions of magic {unknown}
 m - a potion of cancellation {unknown}
Books
 c - a book of Battle

   Spells                             Type                      Level
   a - Infusion                       Charms                       1
   b - Shroud of Golubria             Charms/Translocation         2
   c - Song of Slaying                Charms                       2
   d - Spectral Weapon                Hexes/Charms                 3
   e - Regeneration                   Charms/Necromancy            3
Comestibles
 d - 2 rations


   Skills:
 + Level 2.4 Fighting
 - Level 1.7 Long Blades
 * Level 2.0 Armour
 - Level 1.7 Dodging
 - Level 2.0 Spellcasting
 + Level 3.0 Charms


You had one spell level left.
You knew the following spells:

 Your Spells              Type           Power        Failure   Level  Hunger
a - Shroud of Golubria    Chrm/Tloc      #.........   26%         2    ###....
b - Song of Slaying       Chrm           #.......     14%         2    ###....
c - Infusion              Chrm           #...         9%          1    ##.....


Dungeon Overview and Level Annotations

Branches:
Dungeon (2/15)

Altars:


Innate Abilities, Weirdness & Mutations

You are immune to rotting.


Message History

You hit the adder but do no damage.
The adder is severely wounded.
The adder barely misses you. The adder bites you but does no damage.
You hit the adder.
You kill the adder!
Your Armour skill increases to level 2!
Your Charms skill increases to level 3!
You have reached level 3!
Your experience leads to an increase in your attributes!
Increase (S)trength, (I)ntelligence, or (D)exterity?
You feel agile.
* * * LOW HITPOINT WARNING * * *
You feel sick.
A kobold comes into view.
* * * LOW HITPOINT WARNING * * *
You feel sick.
Found a scroll labeled FUVUGARPH UTYSCH.
The kobold shouts!
The kobold throws a stone.
The stone hits you but does no damage.
You see here a stone.
You die...

# ### #. ... ### ###.
#?. ..# ......# #.#
####..#.# #.#
........# #.####### #
#@# #.......#
####.##.#####.#####.#
#...K..(......# #.#
#######.##..### #.#
#.##...######.####
#............<....
#.#....######.####
#.#............#..
..#.#######......#


There were no monsters in sight!

Vanquished Creatures
  An adder (D:2)
  An ooze (D:1)
  A dart slug (D:1)
  A giant cockroach (D:1)
  A goblin (D:1)
  3 hobgoblins (D:1)
  A bat (D:1)
  3 kobolds
  3 rats (D:1)
15 creatures vanquished.

Notes
Turn   | Place    | Note
-------+----------+-------------------------------------------
     0 | D:1      | Ivernyr the Demonspawn Skald began the quest for the Orb.
     0 | D:1      | Reached XP level 1. HP: 16/16 MP: 3/3
     8 | D:1      | Reached skill level 1 in Armour
   198 | D:1      | Gained mutation: You are immune to rotting. [demonic ancestry]
   198 | D:1      | Reached XP level 2. HP: 13/22 MP: 5/5
   737 | D:1      | Learned a level 2 spell: Song of Slaying
   740 | D:1      | Learned a level 2 spell: Shroud of Golubria
   826 | D:2      | Reached skill level 3 in Charms
   826 | D:2      | Reached XP level 3. HP: 3/28 MP: 6/6
   827 | D:2      | HP: 1/28 [poisoned by an adder]
   830 | D:2      | Succumbed to an adder's poison

Skill      XL: |  1  2 |
---------------+-------+-----
Armour         | 1 2 |  2.0
Charms         | 3 |  3.0
Fighting       | |  2.4
Long Blades    | |  1.7
Dodging        | |  1.7
Spellcasting   | |  2.0

Action                   || total
-------------------------++-------
Melee: Falchion          ||    62
 Cast: Shroud of Golubri ||     1
Armor: Leather armour    ||    15
Dodge: Dodged            ||    40
       Rpst.: Falchion   ||    15
